 Dungeon Crawl Stone Soup version 0.24-a0-653-g3936067ed8 (webtiles) character file.

Game seed: 4761519414960426637, levelgen mode: deterministic

14 Kae the Insei (level 2, -2/24 HPs)
             Began as a Demonspawn Monk on Sept 27, 2019.
             Slain by a goblin (3 damage)
             ... on level 3 of the Dungeon.
             The game lasted 00:00:48 (543 turns).

Kae the Insei (Demonspawn Monk)                      Turns: 543, Time: 00:00:49

Health: -2/24      AC:  3    Str: 11    XL:     2   Next: 31%
Magic:  2/2        EV: 13    Int: 11    God:
Gold:   32         SH:  0    Dex: 15    Spells: 1/1 levels left

rFire    . . .     SeeInvis .     - Unarmed
rCold    + . .     Gourm    .   (no shield)
rNeg     . . .     Faith    .   a - +1 robe
rPois    .         Spirit   .   (no helmet)
rElec    .         Reflect  .   (no cloak)
rCorr    .         Harm     .   (no gloves)
MR       .....                  (no boots)
Stlth    ++........             (no amulet)
HPRegen  0.08/turn              e - ring of protection from cold
MPRegen  0.08/turn              (no ring)

@: no status effects
A: powered by pain 1
a: no special abilities


You were on level 3 of the Dungeon.
You were not hungry.

You visited 1 branch of the dungeon, and saw 3 of its levels.

You collected 32 gold pieces.

Inventory:

Armour
 a - a +1 robe (worn)
Jewellery
 e - a ring of protection from cold (left hand)
Comestibles
 b - 2 rations
 d - a chunk of flesh


   Skills:
 - Level 3.0 Fighting
 - Level 2.6 Dodging
 - Level 1.7 Stealth
 + Level 3.4 Unarmed Combat


You had one spell level left.
You didn't know any spells.
Your spell library was empty.

Dungeon Overview and Level Annotations

Branches:
Dungeon (3/15)

Altars:


Innate Abilities, Weirdness & Mutations

You sometimes gain a little power by taking damage.


Message History

The bat hits you but does no damage.
There is a stone staircase leading down here.
The bat misses you. x2; The bat hits you but does no damage. x2
The goblin barely misses you. The bat barely misses you.
You climb downwards.
A bat comes into view.
Found a scroll labeled UCOTRE SOUST, 2 purple potions and a ring mail.
There is a stone staircase leading up here.
You closely miss the bat. The bat hits you but does no damage.
The bat barely misses you. The goblin barely misses you.
The bat hits you but does no damage. The goblin barely misses you.
You barely miss the bat. The bat barely misses you.
The bat hits you but does no damage. The bat barely misses you.
The goblin closely misses you. x2
You hit the goblin but do no damage. The bat closely misses you.
The bat hits you but does no damage. The bat hits you.
* * * LOW HITPOINT WARNING * * *
The bat hits you but does no damage. The goblin closely misses you.
The goblin hits you.
You die...

........[..#.
............#
........!...#
............#
.........b..#
............#
..?..b.g....#
......b@g.#
###.#######


You could see 2 goblins and 3 bats.

Vanquished Creatures
  A dart slug (D:1)
  A leopard gecko (D:1)
  2 hobgoblins (D:1)
  2 jackals (D:1)
  A bat (D:1)
  3 goblins (D:1)
  A kobold (D:1)
11 creatures vanquished.

Notes
Turn   | Place    | Note
-------+----------+-------------------------------------------
     0 | D:1      | Kae the Demonspawn Monk began the quest for the Orb.
     0 | D:1      | Reached XP level 1. HP: 18/18 MP: 1/1
   129 | D:1      | Gained mutation: You sometimes gain a little power by
                  | taking damage. [demonic ancestry]
   129 | D:1      | Reached XP level 2. HP: 8/24 MP: 2/2
   505 | D:1      | You fall into a shaft and drop 1 floor!
   543 | D:3      | HP: 1/24 [bat (1)]
   543 | D:3      | Slain by a goblin

Levels and vault maps discovered:
D:1:      mushboom_english_gardens, layout_loops_ring, hex_tiny
D:2:      layout_rooms, minmay_pentomino_z2
D:3:      layout_rooms, serial_bayou_pond_a

Skill      XL: |  1 |
---------------+----+-----
Unarmed Combat | 3 |  3.4
Fighting       | |  3.0
Dodging        | |  2.6
Stealth        | |  1.7

Action                   || total
-------------------------++-------
Melee: Unarmed           ||    63
  Use: Scroll            ||     4
 Stab: Sleeping          ||     1
Armor: Robe              ||    36
Dodge: Dodged            ||    93

Table legend:
 A = Non-vault XP
 B = Vault XP
 C = Vault XP percentage of total XP
 D = Non-vault monster count
 E = Vault monster count
 F = Vault count percentage of total count
                 A         B        C        D         E       F
            +---------+---------+-------+---------+---------+-------
      Total |      21 |       0 |   0.0 |      11 |       0 |   0.0
            +---------+---------+-------+---------+---------+-------
        D:1 |      21 |       0 |   0.0 |      11 |       0 |   0.0
            +---------+---------+-------+---------+---------+-------
